[Event "Asian Zonal 3.3 2019"]
[Site "Ulaanbaatar"]
[Date "2019.04.07"]
[Round "1.21"]
[White "Erkhembayar, Tserentsoodol"]
[Black "Amgalanbaatar, Ravdanlkhumbuu"]
[Result "0-1"]
[ECO "A00"]
[WhiteElo "1757"]
[BlackElo "2081"]
[Annotator "NA RC"]
[PlyCount "79"]
[EventDate "2019.04.07"]
[EventType "swiss"]
[EventRounds "9"]
[EventCountry "MGL"]
[SourceTitle "playchess.com"]
[Source "ChessBase"]
[SourceQuality "1"]
[TimeControl "40/5400+30:1800+30"]

1. d4 d6 2. c4 e5 3. d5 Be7 4. Nc3 Bg5 5. e3 f5 6. Bd3 Nf6 7. h3 O-O 8. Nge2 a5 9. O-O Na6 10. f4 exf4 11. exf4 Bh6 12. Nd4 g6 13. Re1 Nc5 14. Bc2 Re8 15. Ncb5 Bd7 16. a4 Nh5 17. Rxe8+ Bxe8 18. Qf3 Rc8 19. g4 c6 20. dxc6 bxc6 21. Nc3 Bg7 22. Be3 fxg4 23. hxg4 Nf6 24. f5 Qb6 25. b3 Nfd7 26. Rf1 Ne5 27. Qh3 Qc7 28. f6 Bf8 29. Nf3 Ne6 30. Nxe5 dxe5 31. g5 Bf7 32. Kf2 Nd4 33. Bxd4 exd4 34. Ne2 Re8 35. Rh1 h5 36. Qh4 Qe5 37. Nf4 Bd6 38. Bxg6 Bxg6 39. Nxg6 Qe2+ 40. Kg1 0-1

[Event "Asian Zonal 3.3 2019"]
[Site "Ulaanbaatar"]
[Date "2019.04.07"]
[Round "1.22"]
[White "Altanbayar, Tserenpeljee"]
[Black "Tenuunbold, Battulga"]
[Result "1-0"]
[ECO "A00"]
[WhiteElo "2060"]
[BlackElo "1692"]
[Annotator "NA RC"]
[PlyCount "187"]
[EventDate "2019.04.07"]
[EventType "swiss"]
[EventRounds "9"]
[EventCountry "MGL"]
[SourceTitle "playchess.com"]
[Source "ChessBase"]
[SourceQuality "1"]
[TimeControl "40/5400+30:1800+30"]

1. e4 c5 2. Nf3 Nc6 3. c4 g6 4. d4 cxd4 5. Nxd4 Bg7 6. Be3 d6 7. Nc3 Nf6 8. f3 O-O 9. Qd2 Bd7 10. Be2 Rc8 11. O-O Ne5 12. b3 Qa5 13. a3 a6 14. Rfc1 Rfe8 15. Qe1 h5 16. Qf2 Qc7 17. b4 Qb8 18. Qf1 Rc7 19. Nb3 Be6 20. Nd5 Bxd5 21. cxd5 Rec8 22. Rxc7 Rxc7 23. Rc1 Qc8 24. Rxc7 Qxc7 25. Qc1 Qxc1+ 26. Bxc1 b5 27. Nd4 Nfd7 28. Be3 Nb6 29. Nc6 Nbc4 30. Bc1 Kf8 31. Nxe5 Bxe5 32. Kf2 Bd4+ 33. Ke1 Be3 34. Bxe3 Nxe3 35. Kd2 Nxg2 36. a4 bxa4 37. Bxa6 Ke8 38. Bb5+ Kd8 39. Bxa4 e5 40. Bb5 f5 41. Bf1 Nf4 42. h4 Kc7 43. Ke3 Kb6 44. Kf2 Kc7 45. Bb5 Kb6 46. Bf1 Kc7 47. Ke3 Kb6 48. Kd2 Kc7 49. Kc3 Kb7 50. Kb3 Ka7 51. Ka4 Kb6 52. b5 fxe4 53. fxe4 g5 54. hxg5 Ng6 55. Kb4 h4 56. Kc4 Ka5 57. Kc3 Nf4 58. Kc2 Nh5 59. Kd2 Ng3 60. Bg2 h3 61. Bf3 h2 62. Ke3 Kxb5 63. Kf2 Nh5 64. Kg2 Ng7 65. Kxh2 Kb6 66. Kg3 Kc7 67. Bg4 Kd8 68. Kh4 Ke7 69. Bh5 Kf8 70. g6 Ne8 71. Kg5 Kg7 72. Bg4 Nc7 73. Bd7 Na8 74. Kf5 Nb6 75. Bb5 Na8 76. Bd7 Nc7 77. Bc6 Na6 78. Ba4 Nc5 79. Bc2 Nb7 80. Ke6 Kxg6 81. Kd7 Kf6 82. Kc7 Nc5 83. Kxd6 Na6 84. Bd3 Nb4 85. Bb5 Na2 86. Kc7 Nc3 87. Bd3 Na4 88. Kc6 Ke7 89. d6+ Kd8 90. Kd5 Nc3+ 91. Kxe5 Na4 92. Kd5 Nb6+ 93. Kd4 Na4 94. Kd5 1-0

[Event "Asian Zonal 3.3 2019"]
[Site "Ulaanbaatar"]
[Date "2019.04.07"]
[Round "1.23"]
[White "Danzanjunai, Ganbat"]
[Black "Itgelt, Khuyagtsogt"]
[Result "0-1"]
[ECO "A00"]
[WhiteElo "1608"]
[BlackElo "2056"]
[Annotator "NA RC"]
[PlyCount "88"]
[EventDate "2019.04.07"]
[EventType "swiss"]
[EventRounds "9"]
[EventCountry "MGL"]
[SourceTitle "playchess.com"]
[Source "ChessBase"]
[SourceQuality "1"]
[TimeControl "40/5400+30:1800+30"]

1. d4 Nf6 2. Nf3 e6 3. Bf4 c5 4. e3 Qb6 5. Nc3 cxd4 6. exd4 Bb4 7. Bd2 Nc6 8. a3 Be7 9. Na4 Qc7 10. Bd3 O-O 11. O-O d5 12. Nc3 h6 13. Ne2 Bd6 14. g3 e5 15. dxe5 Nxe5 16. Nxe5 Bxe5 17. c3 Bh3 18. Re1 Qb6 19. Nd4 Bxd4 20. cxd4 Bg4 21. f3 Bh5 22. Bc3 Rfe8 23. g4 Bg6 24. Bxg6 fxg6 25. Qd3 Nh7 26. h4 Qf6 27. Rxe8+ Rxe8 28. Be1 Qf4 29. Bf2 Nf8 30. Re1 Rxe1+ 31. Bxe1 Ne6 32. Kg2 Qxd4 33. Qxd4 Nxd4 34. Bf2 Nc6 35. Kf1 Kf7 36. Ke2 Ke6 37. f4 a6 38. Bc5 b5 39. Kd3 h5 40. g5 Kf5 41. Ke3 Kg4 42. Bd4 Nxd4 43. Kxd4 Kxh4 44. Kxd5 Kg4 0-1

[Event "Asian Zonal 3.3 2019"]
[Site "Ulaanbaatar"]
[Date "2019.04.07"]
[Round "1.24"]
[White "Amilal, Munkhdalai"]
[Black "Gerelt-Od, Boldbaatar"]
[Result "1-0"]
[ECO "A00"]
[WhiteElo "2042"]
[BlackElo "1484"]
[Annotator "NA RC"]
[PlyCount "44"]
[EventDate "2019.04.07"]
[EventType "swiss"]
[EventRounds "9"]
[EventCountry "MGL"]
[SourceTitle "playchess.com"]
[Source "ChessBase"]
[SourceQuality "1"]
[TimeControl "40/5400+30:1800+30"]

1. e4 e6 2. d4 d5 3. e5 c5 4. c3 Qb6 5. Nf3 Nc6 6. Bd3 cxd4 7. cxd4 Bd7 8. Be2 Nge7 9. Na3 Nf5 10. Nc2 Rc8 11. O-O Be7 12. Rb1 O-O 13. Bd3 g6 14. Bxf5 exf5 15. Bh6 f6 16. Re1 Nb4 17. Ne3 Be6 18. a3 Nc6 19. b4 Nd8 20. exf6 Bxf6 21. Ne5 Bxe5 22. dxe5 Re8 1-0

[Event "Asian Zonal 3.3 2019"]
[Site "Ulaanbaatar"]
[Date "2019.04.08"]
[Round "2.4"]
[White "Amartuvshin, Ganzorig"]
[Black "Gundavaa, Bayarsaikhan"]
[Result "1/2-1/2"]
[ECO "A00"]
[WhiteElo "2373"]
[BlackElo "2481"]
[Annotator "RC"]
[PlyCount "72"]
[EventDate "2019.04.07"]
[EventType "swiss"]
[EventRounds "9"]
[EventCountry "MGL"]
[SourceTitle "playchess.com"]
[Source "ChessBase"]
[SourceQuality "1"]
[TimeControl "40/5400+30:1800+30"]

1. d4 Nf6 2. c4 e6 3. Nf3 d5 4. Nc3 a6 5. cxd5 exd5 6. Bg5 Be6 7. e3 Nbd7 8. Bd3 Bd6 9. O-O c6 10. e4 dxe4 11. Nxe4 Be7 12. Ng3 O-O 13. Re1 Re8 14. Ne5 Qb6 15. Nxd7 Nxd7 16. Bxe7 Rxe7 17. Nf5 Ree8 18. Nd6 Rf8 19. Bf5 Bxf5 20. Nxf5 Nf6 21. Qd2 Nd5 22. Re5 f6 23. Re4 Rae8 24. Rg4 g6 25. h4 Qc7 26. Qh6 Qd7 27. Qh5 Nf4 28. Nh6+ Kg7 29. Qf5 Ne6 30. h5 g5 31. Re1 Kxh6 32. Rge4 Qd5 33. Qxd5 cxd5 34. Rxe6 Rxe6 35. Rxe6 Kxh5 36. Re7 Kg6 1/2-1/2

[Event "Asian Zonal 3.3 2019"]
[Site "Ulaanbaatar"]
[Date "2019.04.08"]
[Round "2.7"]
[White "Lkhagvasuren, Tsedvee"]
[Black "Tran, Minh Thang"]
[Result "1/2-1/2"]
[ECO "A00"]
[WhiteElo "2336"]
[BlackElo "2349"]
[Annotator "NA RC"]
[PlyCount "83"]
[EventDate "2019.04.07"]
[EventType "swiss"]
[EventRounds "9"]
[EventCountry "MGL"]
[SourceTitle "playchess.com"]
[Source "ChessBase"]
[SourceQuality "1"]
[TimeControl "40/5400+30:1800+30"]

1. c4 a6 2. g3 b5 3. Bg2 Ra7 4. b3 Bb7 5. Nf3 d6 6. O-O Nd7 7. d4 g6 8. Qc2 Bg7 9. Bb2 Ngf6 10. Nbd2 Qa8 11. Rfe1 O-O 12. e4 e6 13. c5 dxc5 14. dxc5 Nxe4 15. Bxg7 Nxd2 16. Nxd2 Bxg2 17. Bxf8 Nxf8 18. Ne4 Bxe4 19. Qxe4 Nd7 20. Qxa8+ Rxa8 21. Red1 Nf6 22. f3 Nd5 23. Kf2 c6 24. f4 a5 25. a4 b4 26. Kf3 h5 27. h3 Kg7 28. Re1 Nc3 29. g4 hxg4+ 30. hxg4 Rd8 31. f5 exf5 32. gxf5 g5 33. Re7 Rd5 34. Kg4 Kf6 35. Rc7 Rxc5 36. Rh1 Kg7 37. Kxg5 Nd5 38. Rb7 Ne3 39. Kf4 Nxf5 40. Kg5 Ne3+ 41. Kf4 Nd5+ 42. Kg5 1/2-1/2

[Event "Asian Zonal 3.3 2019"]
[Site "Ulaanbaatar"]
[Date "2019.04.08"]
[Round "2.14"]
[White "Tugstumur, Yesuntumur"]
[Black "Altanbayar, Tserenpeljee"]
[Result "1-0"]
[ECO "A00"]
[WhiteElo "2355"]
[BlackElo "2060"]
[Annotator "NA RC"]
[PlyCount "95"]
[EventDate "2019.04.07"]
[EventType "swiss"]
[EventRounds "9"]
[EventCountry "MGL"]
[SourceTitle "playchess.com"]
[Source "ChessBase"]
[SourceQuality "1"]
[TimeControl "40/5400+30:1800+30"]

1. d4 Nf6 2. c4 e6 3. g3 d5 4. Bg2 Be7 5. Nf3 O-O 6. O-O dxc4 7. Qa4 a6 8. Qxc4 b5 9. Qc2 Bb7 10. Bg5 Be4 11. Qc1 Nbd7 12. Nbd2 Bb7 13. Nb3 a5 14. Rd1 Bd5 15. Nc5 Nxc5 16. dxc5 Qc8 17. Ne5 Bxg2 18. Kxg2 Rd8 19. Qf4 Rxd1 20. Rxd1 Qe8 21. Qf3 h6 22. Bxf6 Bxf6 23. Nd7 Bxb2 24. Rb1 Bf6 25. Rxb5 Be7 26. Qb7 Qd8 27. Rb3 a4 28. Rd3 Qc8 29. c6 Bd6 30. e4 f6 31. f4 e5 32. f5 a3 33. Rd5 Qe8 34. g4 Rd8 35. Qb3 Kh7 36. h4 Ra8 37. Qb7 Qd8 38. Kf3 Rc8 39. Rd2 Kh8 40. Rd5 Qe8 41. Ke3 Qd8 42. Kd3 Qe8 43. Kc2 Rd8 44. Qb3 Ra8 45. Rb5 Qg8 46. Rd5 Ra6 47. Kd2 Qf7 48. Rb5 1-0

[Event "Asian Zonal 3.3 2019"]
[Site "Ulaanbaatar"]
[Date "2019.04.08"]
[Round "2.19"]
[White "Khuslen, Altan-Ochir"]
[Black "Bulgankhan, Ganzorig"]
[Result "1-0"]
[ECO "A00"]
[WhiteElo "1927"]
[BlackElo "1936"]
[Annotator "NA RC"]
[PlyCount "167"]
[EventDate "2019.04.07"]
[EventType "swiss"]
[EventRounds "9"]
[EventCountry "MGL"]
[SourceTitle "playchess.com"]
[Source "ChessBase"]
[SourceQuality "1"]
[TimeControl "40/5400+30:1800+30"]

1. e4 c5 2. Nf3 Nc6 3. Bb5 Qc7 4. Nc3 a6 5. Bxc6 dxc6 6. O-O e5 7. h3 f6 8. d3 Be6 9. Nh4 g5 10. Nf5 Ne7 11. Qh5+ Bf7 12. Qf3 Nxf5 13. exf5 O-O-O 14. Ne4 Be7 15. Qe2 Qd7 16. Be3 Qxf5 17. Bxc5 Bxc5 18. Nxc5 h5 19. Qe4 Bg6 20. Rad1 Rd4 21. Qxf5+ Bxf5 22. f3 b6 23. Ne4 Rf8 24. Kf2 Kd7 25. b3 Ke6 26. Ke3 Rfd8 27. a4 a5 28. Rf2 Kf7 29. Nd2 Be6 30. Rdf1 h4 31. Nc4 Rb8 32. Re2 Kg6 33. Kf2 Rd7 34. Rb1 Ra7 35. Ra1 Bxc4 36. bxc4 b5 37. cxb5 cxb5 38. axb5 Rxb5 39. Re4 Rc7 40. Ra2 Rbc5 41. c4 Rd7 42. Ra3 Kf5 43. Re2 Rd4 44. Ke3 Ke6 45. Rea2 f5 46. Rxa5 f4+ 47. Ke2 Rxa5 48. Rxa5 Rd8 49. Ra6+ Kf5 50. Kd2 Rb8 51. Kc3 Rb1 52. c5 Rg1 53. Rh6 Rxg2 54. c6 Rg1 55. Kb2 Rg2+ 56. Kb3 Rg1 57. Kc4 Rc1+ 58. Kb5 Rc3 59. Kb4 Rc1 60. Kb5 Rc3 61. Kb4 Rc1 62. Ka5 Rc3 63. Rd6 e4 64. Kb4 Rc1 65. fxe4+ Ke5 66. Rd5+ Ke6 67. Rxg5 f3 68. Rf5 Rf1 69. c7 Kd7 70. Rf7+ Kc8 71. Kc5 Rg1 72. Rxf3 Rg3 73. Rf8+ Kxc7 74. d4 Rxh3 75. Rf7+ Kd8 76. Kd6 Ke8 77. Rh7 Rd3 78. d5 h3 79. e5 Kf8 80. e6 Kg8 81. e7 Re3 82. Rxh3 Re1 83. Kd7 Kf7 84. Rf3+ 1-0

[Event "Asian Zonal 3.3 2019"]
[Site "Ulaanbaatar"]
[Date "2019.04.08"]
[Round "2.21"]
[White "Tenuunbold, Battulga"]
[Black "Chinguun, Bayaraa"]
[Result "1-0"]
[ECO "A00"]
[WhiteElo "1692"]
[BlackElo "2033"]
[Annotator "NA RC"]
[PlyCount "85"]
[EventDate "2019.04.07"]
[EventType "swiss"]
[EventRounds "9"]
[EventCountry "MGL"]
[SourceTitle "playchess.com"]
[Source "ChessBase"]
[SourceQuality "1"]
[TimeControl "40/5400+30:1800+30"]

1. e4 c5 2. Nf3 d6 3. d4 cxd4 4. Nxd4 Nf6 5. Nc3 a6 6. Nb3 e6 7. Be2 Be7 8. Be3 Nbd7 9. Qd2 b5 10. f3 Bb7 11. O-O-O O-O 12. g4 b4 13. Nb1 a5 14. g5 Ne8 15. h4 Rc8 16. h5 d5 17. g6 Ne5 18. h6 fxg6 19. Nd4 Nc7 20. hxg7 Rf7 21. f4 Nc6 22. f5 Nxd4 23. Qxd4 Bf6 24. e5 Bxg7 25. f6 Bh8 26. Rdg1 Ne8 27. Qh4 Bxf6 28. exf6 Qxf6 29. Qxf6 Nxf6 30. Bd4 e5 31. Bxe5 Re8 32. Bxf6 Rxf6 33. Bd3 Kg7 34. Nd2 Rfe6 35. Nb3 a4 36. Nc5 R6e7 37. Nxb7 Rxb7 38. Rxh7+ Kxh7 39. Bxg6+ Kh6 40. Bxe8 a3 41. bxa3 bxa3 42. Bc6 Rb6 43. Bxd5 1-0

[Event "Asian Zonal 3.3 2019"]
[Site "Ulaanbaatar"]
[Date "2019.04.08"]
[Round "2.22"]
[White "Chuluun, Gonchigdorj"]
[Black "Erkhembayar, Tserentsoodol"]
[Result "0-1"]
[ECO "A00"]
[WhiteElo "1982"]
[BlackElo "1757"]
[Annotator "NA RC"]
[PlyCount "136"]
[EventDate "2019.04.07"]
[EventType "swiss"]
[EventRounds "9"]
[EventCountry "MGL"]
[SourceTitle "playchess.com"]
[Source "ChessBase"]
[SourceQuality "1"]
[TimeControl "40/5400+30:1800+30"]

1. e4 b6 2. c4 Bb7 3. Nc3 c5 4. Nf3 Nc6 5. d4 cxd4 6. Nxd4 e5 7. Nf5 a6 8. Nd6+ Bxd6 9. Qxd6 Nge7 10. Be3 Nc8 11. Qd2 O-O 12. O-O-O d6 13. g4 N6e7 14. Be2 Qc7 15. Kb1 Bc6 16. h4 Qb7 17. f3 f6 18. h5 Kh8 19. g5 f5 20. g6 f4 21. Bf2 h6 22. Bh4 Ng8 23. Bf1 b5 24. cxb5 axb5 25. Bh3 Qa7 26. b3 b4 27. Ne2 Bb5 28. Nc1 Qc5 29. Bf2 Qc3 30. Qxc3 bxc3 31. Kc2 Nf6 32. Kxc3 d5 33. exd5 e4 34. Bc5 Rd8 35. d6 exf3 36. Rd4 Be2 37. Bf1 Na7 38. Kd2 Nb5 39. Rxf4 Nxd6 40. Kc2 Nde4 41. b4 Bd1+ 42. Kb1 Nd5 43. Rfh4 Nxc5 44. bxc5 Rdb8+ 45. Nb3 Bxb3 46. axb3 Rxb3+ 47. Kc2 Rc3+ 48. Kb2 Rb8+ 49. Ka2 Rxc5 50. Ka3 Nc3 51. Rb4 Nb1+ 52. Ka4 Ra8+ 53. Kb3 Nd2+ 54. Kb2 f2 55. Bd3 Rf8 56. Rd1 Nf3 57. Be2 Ng1 58. Bg4 Re5 59. Rf1 Ree8 60. Rb7 Rf4 61. Be6 Ne2 62. Rf7 Rb8+ 63. Ka3 Re4 64. R1xf2 Re3+ 65. Ka4 Nc3+ 66. Ka5 Re5+ 67. Ka6 Rxe6+ 68. Ka7 Ree8 0-1

[Event "Asian Zonal 3.3 2019"]
[Site "Ulaanbaatar"]
[Date "2019.04.08"]
[Round "2.23"]
[White "Gerelt-Od, Boldbaatar"]
[Black "Amgalantengis, Enkh-Amgalan"]
[Result "1-0"]
[ECO "A00"]
[WhiteElo "1484"]
[BlackElo "1832"]
[Annotator "NA RC"]
[PlyCount "167"]
[EventDate "2019.04.07"]
[EventType "swiss"]
[EventRounds "9"]
[EventCountry "MGL"]
[SourceTitle "playchess.com"]
[Source "ChessBase"]
[SourceQuality "1"]
[TimeControl "40/5400+30:1800+30"]

1. d4 d5 2. c4 c6 3. cxd5 cxd5 4. Bf4 Nc6 5. e3 Nf6 6. Nc3 a6 7. Rc1 e6 8. Nf3 h6 9. Bd3 g5 10. Bg3 Rg8 11. Qb3 h5 12. Na4 Bb4+ 13. Ke2 h4 14. Be5 g4 15. Nd2 Bxd2 16. Kxd2 Nxe5 17. dxe5 Nd7 18. Qc3 Rg5 19. h3 gxh3 20. g3 Nxe5 21. Rxh3 Nc4+ 22. Ke2 Rh5 23. Bxc4 dxc4 24. Qxc4 Bd7 25. Nc3 Rc8 26. Qg4 Rh8 27. Rxh4 Rxh4 28. Qg8+ Ke7 29. Qxd8+ Rxd8 30. gxh4 Bc6 31. f3 Rh8 32. Rh1 f5 33. Rh2 Kf6 34. f4 e5 35. Kd3 b5 36. Kc2 b4 37. Ne2 Ba4+ 38. b3 Bc6 39. fxe5+ Kxe5 40. Nd4 Be4+ 41. Kd2 Rd8 42. h5 f4 43. h6 Bh7 44. Rh5+ Kf6 45. Ra5 f3 46. Ke1 Be4 47. Rxa6+ Kf7 48. Kf2 Rf8 49. Re6 Bd5 50. Re5 Rd8 51. Nxf3 Kg6 52. Nh4+ Kxh6 53. Nf5+ Kh7 54. e4 Bf7 55. Ke3 Ra8 56. Rb5 Rxa2 57. Rxb4 Rc2 58. Nd4 Rc3+ 59. Kf4 Rd3 60. Kf5 Bg6+ 61. Ke5 Re3 62. Nf5 Rd3 63. Rb7+ Kh8 64. b4 Rd8 65. Kf6 Bh7 66. e5 Rf8+ 67. Rf7 Rb8 68. Nh6 Rb6+ 69. e6 Bg8 70. Re7 Bxe6 71. Rxe6 Rxb4 72. Kg6 Rb8 73. Re7 Rb6+ 74. Kg5 Rb5+ 75. Nf5 Rb1 76. Kf6 Rb6+ 77. Kf7 Rb5 78. Nd6 Rb1 79. Kf8 Rf1+ 80. Nf7+ Kh7 81. Re6 Rh1 82. Ng5+ Kh8 83. Rg6 Rf1+ 84. Nf7+ 1-0

[Event "Asian Zonal 3.3 2019"]
[Site "Ulaanbaatar"]
[Date "2019.04.08"]
[Round "2.24"]
[White "Batbold, Nyamsuren"]
[Black "Danzanjunai, Ganbat"]
[Result "1-0"]
[ECO "A00"]
[WhiteElo "1809"]
[BlackElo "1608"]
[Annotator "NA RC"]
[PlyCount "135"]
[EventDate "2019.04.07"]
[EventType "swiss"]
[EventRounds "9"]
[EventCountry "MGL"]
[SourceTitle "playchess.com"]
[Source "ChessBase"]
[SourceQuality "1"]
[TimeControl "40/5400+30:1800+30"]

1. d4 Nf6 2. c4 g6 3. Nc3 Bg7 4. Nf3 O-O 5. g3 d6 6. Bg2 Nc6 7. O-O a6 8. h3 e5 9. Be3 Nd7 10. Nd5 exd4 11. Nxd4 Nxd4 12. Bxd4 Ne5 13. Rc1 Be6 14. f4 Bxd5 15. cxd5 Nd7 16. Bxg7 Kxg7 17. e4 Re8 18. Qb3 Nc5 19. Qc3+ Kg8 20. e5 a5 21. Rce1 Qd7 22. e6 fxe6 23. dxe6 Qg7 24. g4 Qxc3 25. bxc3 Kg7 26. f5 gxf5 27. Rxf5 Rxe6 28. Rxe6 Nxe6 29. Bxb7 Rf8 30. Rxa5 Nf4 31. Kh2 Ne2 32. c4 Rf2+ 33. Bg2 Nc3 34. Ra7 Rxa2 35. Rxc7+ Kg6 36. Rc6 Rd2 37. c5 Ne4 38. cxd6 Nxd6 39. Kg3 Kg7 40. Bf3 Rd3 41. Kf4 Nf7 42. Rc7 Kf6 43. h4 h6 44. Be4 Rd4 45. Ke3 Rb4 46. Rc6+ Ke7 47. Rc5 Nd6 48. Bf3 Rb3+ 49. Kf4 Rb4+ 50. Kg3 Rb3 51. Rh5 Nf7 52. Kf2 Rb4 53. Kg3 Kf6 54. Bd5 Nd6 55. Rxh6+ Ke5 56. Bf3 Rb3 57. Rh5+ Kf6 58. Ra5 Ne4+ 59. Kf4 Nf2 60. g5+ Kg7 61. Ra7+ Kf8 62. g6 Nd3+ 63. Kg5 Rb5+ 64. Kh6 Rb6 65. Kh7 Rxg6 66. Kxg6 Ne5+ 67. Kf6 Kg8 68. Kxe5 1-0

[Event "Asian Zonal 3.3 2019"]
[Site "Ulaanbaatar"]
[Date "2019.04.09"]
[Round "3.12"]
[White "Surya, Wahyudi"]
[Black "Tugstumur, Yesuntumur"]
[Result "1/2-1/2"]
[ECO "A00"]
[WhiteElo "2197"]
[BlackElo "2355"]
[Annotator "NA RC"]
[PlyCount "112"]
[EventDate "2019.04.07"]
[EventType "swiss"]
[EventRounds "9"]
[EventCountry "MGL"]
[SourceTitle "playchess.com"]
[Source "ChessBase"]
[SourceQuality "1"]
[TimeControl "40/5400+30:1800+30"]

1. d4 Nf6 2. Nf3 g6 3. c4 Bg7 4. Nc3 O-O 5. e4 d6 6. Be2 Na6 7. O-O e5 8. Be3 Ng4 9. Bg5 Qe8 10. h3 h6 11. Bc1 Nf6 12. dxe5 dxe5 13. Be3 Qe7 14. Qc1 Kh7 15. c5 c6 16. Nd2 Be6 17. a3 Rad8 18. b4 Nc7 19. Qc2 Bc8 20. Rfd1 Ne6 21. Nb3 Ng8 22. Rxd8 Rxd8 23. Rd1 Nd4 24. Bxd4 exd4 25. Nb1 Qg5 26. Rd3 f5 27. N1d2 Qe7 28. Rf3 Nf6 29. Bd3 g5 30. exf5 Kh8 31. Ne4 Nd5 32. g3 h5 33. f6 Bxf6 34. Nxf6 Nxf6 35. Qe2 Qxe2 36. Bxe2 Kg7 37. Rd3 Bxh3 38. Nxd4 Re8 39. Bf3 Re5 40. Nb3 Re1+ 41. Kh2 Bf5 42. Re3 Rxe3 43. fxe3 Bc8 44. Na5 Kf8 45. Nc4 Bd7 46. Nd6 b5 47. cxb6 axb6 48. Nc4 b5 49. Ne5 Ke7 50. Nxc6+ Bxc6 51. Bxc6 Ng4+ 52. Kh3 Nxe3 53. Bxb5 Nc2 54. Be2 h4 55. gxh4 gxh4 56. Bd3 Nxa3 1/2-1/2

[Event "Asian Zonal 3.3 2019"]
[Site "Ulaanbaatar"]
[Date "2019.04.09"]
[Round "3.13"]
[White "Tran, Minh Thang"]
[Black "Erkhes, Bayartnar"]
[Result "1-0"]
[ECO "A00"]
[WhiteElo "2349"]
[BlackElo "1778"]
[Annotator "NA RC"]
[PlyCount "45"]
[EventDate "2019.04.07"]
[EventType "swiss"]
[EventRounds "9"]
[EventCountry "MGL"]
[SourceTitle "playchess.com"]
[Source "ChessBase"]
[SourceQuality "1"]
[TimeControl "40/5400+30:1800+30"]

1. Nf3 d5 2. e3 Nf6 3. c4 c6 4. b3 Bf5 5. Bb2 Nbd7 6. Be2 e6 7. O-O Bd6 8. d3 O-O 9. Nh4 Bg6 10. Nxg6 hxg6 11. Nd2 Qc7 12. h3 Rad8 13. Rc1 Qb8 14. d4 c5 15. cxd5 Nxd5 16. Ne4 Be7 17. dxc5 f5 18. Qd4 N5f6 19. Ng5 Nxc5 20. Qh4 Nh5 21. Bxh5 Ne4 22. Bxg6 Nxg5 23. Qh5 1-0

[Event "Asian Zonal 3.3 2019"]
[Site "Ulaanbaatar"]
[Date "2019.04.09"]
[Round "3.24"]
[White "Chinguun, Bayaraa"]
[Black "Chuluun, Gonchigdorj"]
[Result "1-0"]
[ECO "A00"]
[WhiteElo "2033"]
[BlackElo "1982"]
[Annotator "NA RC"]
[PlyCount "145"]
[EventDate "2019.04.07"]
[EventType "swiss"]
[EventRounds "9"]
[EventCountry "MGL"]
[SourceTitle "playchess.com"]
[Source "ChessBase"]
[SourceQuality "1"]
[TimeControl "40/5400+30:1800+30"]

1. d4 f5 2. c4 b6 3. Nc3 Bb7 4. d5 e5 5. e4 Qf6 6. Nf3 f4 7. a3 g5 8. h3 a5 9. b3 Nh6 10. Bb2 d6 11. Be2 Nf7 12. Nh2 Bc8 13. Bg4 Bd7 14. Qe2 Be7 15. O-O-O Bxg4 16. Nxg4 Qg6 17. f3 h5 18. Nf2 h4 19. Nd3 O-O 20. b4 axb4 21. axb4 Nd7 22. Kd2 Rfc8 23. Ra1 Qh6 24. Nb5 Bd8 25. Na7 Rcb8 26. Nc6 Rc8 27. Rhc1 Qf8 28. Qf2 Bf6 29. c5 bxc5 30. bxc5 Rxa1 31. Bxa1 Ra8 32. cxd6 Ra2+ 33. Bb2 cxd6 34. Ra1 Rxa1 35. Bxa1 Qa8 36. Bb2 Bd8 37. Qa7 Qxa7 38. Nxa7 g4 39. hxg4 h3 40. gxh3 Ng5 41. Ke2 Nxh3 42. Nb5 Bb6 43. Kf1 Nc5 44. Nxc5 Bxc5 45. Ba3 Bxa3 46. Nxa3 Kf7 47. Kg2 Ng5 48. Nc4 Ke7 49. Nd2 Kf6 50. Kf2 Nh3+ 51. Kf1 Ng5 52. Kg2 Ke7 53. Nc4 Kd7 54. Nb2 Ke7 55. Nd3 Kf6 56. Nf2 Kg6 57. Nh3 Nh7 58. Kf2 Nf6 59. Ke2 Nd7 60. Kd3 Kf6 61. Kc4 Ke7 62. Kb5 Nf8 63. Nf2 Ng6 64. Nd3 Nh4 65. Ne1 Kd7 66. Kb6 Ng6 67. Ng2 Ne7 68. Nh4 Nc8+ 69. Kb7 Ne7 70. g5 Ng8 71. Nf5 Ke8 72. Kc7 Kf7 73. Nh6+ 1-0

[Event "Asian Zonal 3.3 2019"]
[Site "Ulaanbaatar"]
[Date "2019.04.10"]
[Round "4.4"]
[White "Batsuren, Dambasuren"]
[Black "Nguyen, Van Huy"]
[Result "1/2-1/2"]
[ECO "A00"]
[WhiteElo "2444"]
[BlackElo "2436"]
[Annotator "RC"]
[PlyCount "84"]
[EventDate "2019.04.07"]
[EventType "swiss"]
[EventRounds "9"]
[EventCountry "MGL"]
[SourceTitle "playchess.com"]
[Source "ChessBase"]
[SourceQuality "1"]
[TimeControl "40/5400+30:1800+30"]

1. d4 Nf6 2. c4 e6 3. Nc3 Bb4 4. Qc2 d5 5. cxd5 Qxd5 6. Nf3 Qf5 7. Qxf5 exf5 8. a3 Be7 9. Bf4 c6 10. e3 Be6 11. Ng5 Nbd7 12. Nxe6 fxe6 13. Be2 O-O 14. O-O-O Nb6 15. Kc2 Nbd5 16. Nxd5 Nxd5 17. Bg3 g5 18. Be5 Rad8 19. Bc4 Bd6 20. Bxd6 Rxd6 21. Rhe1 Kf7 22. b4 a6 23. Kb3 Ke7 24. a4 Rdd8 25. Rc1 g4 26. g3 h5 27. h4 Kd6 28. Red1 Ra8 29. Bf1 b5 30. a5 Rac8 31. Bg2 Rf6 32. Rc5 Rc7 33. Rb1 Rc8 34. Kc2 Rc7 35. Kd3 Rcf7 36. Ke2 Rf8 37. f3 gxf3+ 38. Bxf3 Rh6 39. Bxd5 exd5 40. Rbc1 Kd7 41. Rf1 Rg8 42. Rf3 Rg4 1/2-1/2

[Event "Asian Zonal 3.3 2019"]
[Site "Ulaanbaatar"]
[Date "2019.04.10"]
[Round "4.14"]
[White "Tugstumur, Yesuntumur"]
[Black "Boldoo, Erdenepurev"]
[Result "1/2-1/2"]
[ECO "A00"]
[WhiteElo "2355"]
[BlackElo "2334"]
[Annotator "RC"]
[PlyCount "98"]
[EventDate "2019.04.07"]
[EventType "swiss"]
[EventRounds "9"]
[EventCountry "MGL"]
[SourceTitle "playchess.com"]
[Source "ChessBase"]
[SourceQuality "1"]
[TimeControl "40/5400+30:1800+30"]

1. d4 Nf6 2. c4 e6 3. g3 d5 4. Bg2 dxc4 5. Nf3 Bb4+ 6. Bd2 Be7 7. O-O O-O 8. Qa4 Bd7 9. Qxc4 Bc6 10. Nc3 Nbd7 11. Rad1 a6 12. Rfe1 Rb8 13. Bf4 Bd6 14. Bg5 h6 15. Bxf6 Qxf6 16. e4 e5 17. Qe2 Nb6 18. dxe5 Bxe5 19. Nxe5 Qxe5 20. f4 Qc5+ 21. Qf2 Qxf2+ 22. Kxf2 Rbd8 23. b3 Rfe8 24. h4 Kf8 25. Bf3 Ke7 26. Rc1 Rd7 27. Bg4 Rd2+ 28. Ke3 Red8 29. Be2 Kf8 30. Red1 Rxd1 31. Bxd1 Nd7 32. Be2 Re8 33. b4 Nf6 34. e5 Nd7 35. a4 Nb6 36. a5 Nc8 37. Bf3 Ne7 38. Bxc6 Nxc6 39. Nd5 Rd8 40. Ke4 f5+ 41. exf6 gxf6 42. Nxc7 Rd4+ 43. Kf3 Rxb4 44. Kg4 Ne7 45. Kh5 Kf7 46. Rc3 f5 47. Kxh6 b6 48. axb6 Rxb6+ 49. Kh5 Rb8 1/2-1/2

[Event "Asian Zonal 3.3 2019"]
[Site "Ulaanbaatar"]
[Date "2019.04.10"]
[Round "4.15"]
[White "Miciano, John Marvin"]
[Black "Surya, Wahyudi"]
[Result "1-0"]
[ECO "A00"]
[WhiteElo "2339"]
[BlackElo "2197"]
[Annotator "RC"]
[PlyCount "99"]
[EventDate "2019.04.07"]
[EventType "swiss"]
[EventRounds "9"]
[EventCountry "MGL"]
[SourceTitle "playchess.com"]
[Source "ChessBase"]
[SourceQuality "1"]
[TimeControl "40/5400+30:1800+30"]

1. d4 Nf6 2. c4 e6 3. g3 d5 4. Bg2 c6 5. Qc2 Bd6 6. Nf3 O-O 7. O-O Nbd7 8. Bf4 Qc7 9. Bxd6 Qxd6 10. Nbd2 b6 11. e4 dxe4 12. Nxe4 Nxe4 13. Qxe4 Bb7 14. Qc2 h6 15. Rad1 Rad8 16. a3 c5 17. dxc5 Qxc5 18. Qc3 Bxf3 19. Bxf3 Ne5 20. Be2 Nc6 21. b4 Nd4 22. Qe3 Nxe2+ 23. Qxe2 Qc6 24. Rc1 Rd4 25. c5 bxc5 26. Rxc5 Qd6 27. Qe5 Qxe5 28. Rxe5 Rc8 29. Ra5 Rc7 30. Re1 Rd2 31. b5 g5 32. h3 Rcc2 33. Rf1 Rd7 34. a4 Ra2 35. Kg2 f5 36. Ra6 Kf7 37. Re1 Re7 38. g4 f4 39. Re4 Rc7 40. Rexe6 Rcc2 41. Rf6+ Kg7 42. Kf3 Rxf2+ 43. Ke4 Rac2 44. Rg6+ Kf7 45. Raf6+ Ke7 46. Rxh6 Rfe2+ 47. Kf5 f3 48. Rh7+ Ke8 49. Kxg5 f2 50. Rxa7 1-0